AoeStats
← ELEG | LordKaneki11

Nomad

504342968Analyzed
4v4 RM · 27d ago on Sep 4, 2026· 35m 41s· 8 players
Game mode
Random Map
Map size
231×231
Population
200
Speed
Normal
Resources
Standard
Victory
Conquest
Starting age
Dark Age
Ending age
Imperial Age
RankedLock teamsTeams togetherTeam positionsShared explorationLock speedFull tech treeHidden civsTurbo modeCheats
Victory
Defeat
🇨🇴 Persians · Colombia
1568
+10
🇲🇽 Vietnamese · Mexico
1532
+12
🇲🇽 Berbers · Mexico
1499
+13
🇲🇽 Japanese · Mexico
1365
+19
🇺🇸 Inca · United States
1461
-15
🇵🇹 Slavs · Portugal
1441
-14
🇬🇷 Italians · Greece
1432
-13
🇨🇳 Koreans · China
1406
-12
Vic
5:27 Loom
14:00 Feudal Age
14:33 Double-Bit Axe
16:07 Town Watch
16:05 Champi Runner
21:04 Arson
24:18 Castle Age
23:42 Forging
23:26 Horse Collar
24:46 Champi Warrior
26:49 Iron Casting
26:49 Scale Mail Armor
28:18 Pikeman
29:36 Squires
Zzulu
5:11 Loom
12:24 Feudal Age
12:50 Fishing Lines
17:59 Castle Age
16:39 Double-Bit Axe
16:59 Fletching
17:11 Scale Mail Armor
22:11 Bow Saw
30:22 Horse Collar
34:24 Ballistics
TenthCandy6011
4:51 Loom
13:15 Feudal Age
13:46 Double-Bit Axe
22:57 Castle Age
21:47 Fletching
24:04 Bodkin Arrow
dL
ELEG | LordKaneki11
5:06 Loom
13:56 Feudal Age
16:19 Fletching
21:36 Castle Age
19:55 Fishing Lines
21:01 Stone Mining
21:04 Double-Bit Axe
22:40 Bodkin Arrow
23:09 Medium Warships
27:14 Bow Saw
30:03 Wheelbarrow
30:05 Padded Archer Armor
30:09 Gold Mining
31:26 Leather Archer Armor
31:40 Ballistics
35:58 Imperial Age
34:38 Husbandry
34:48 Thumb Ring
35:28 Bloodlines
ELEG | Huitzilopochtli
4:55 Loom
13:17 Feudal Age
14:50 Double-Bit Axe
17:15 Fletching
24:14 Castle Age
25:37 Town Watch
27:03 Bodkin Arrow
31:25 Wheelbarrow
33:18 Padded Archer Armor
36:02 Leather Archer Armor
赤いドラゴン
5:05 Loom
13:35 Feudal Age
14:20 Double-Bit Axe
18:49 Town Watch
21:32 Castle Age
23:32 Fletching
25:37 Bodkin Arrow
25:42 Padded Archer Armor
27:07 Bow Saw
margeos
3:39 Loom
12:09 Feudal Age
12:55 Double-Bit Axe
18:56 Bloodlines
21:45 Castle Age
20:33 Wheelbarrow
20:22 Scale Barding Armor
22:11 Gold Mining
22:11 Stone Mining
25:01 Stone Shaft Mining
25:01 Gold Shaft Mining
26:10 Fletching
32:14 Hand Cart
35:10 Imperial Age
35:27 Husbandry
36:17 Conscription
Connection lost

Rejoining the realm…

Still unreachable

The connection could not be restored.

Session expired

The server has moved on; the page needs a fresh start.